 Dungeon Crawl Stone Soup version 0.30.1-11-g7821555f0a (webtiles) character file.

Game seed: 16062504789052642749

8822 H0rd4k the Basher (level 11, -12/87 HPs)
             Began as a Human Artificer on Nov 29, 2023.
             Was an Initiate of Gozag.
             Collided with a rock wall (20 damage)
             ... caused by a wretched star
             ... on level 2 of the Abyss.
             The game lasted 00:20:34 (10709 turns).

H0rd4k the Basher (Human Artificer)                Turns: 10709, Time: 00:20:36

Health: -12/87     AC:  8    Str: 18    XL:     11   Next: 62%
Magic:  11/11      EV: 34    Int: 15    God:    Gozag
Gold:   623        SH:  0    Dex: 10    Spells: 10/10 levels left

rFire   . . .        z - +7 morningstar of Uskayaw's Envy {flame, *Rage Str+5}
rCold   x . .        (no shield)
rNeg    . . .        b - +0 leather armour
rPois   .            (no helmet)
rElec   .            (no cloak)
rCorr   .            l - +2 pair of gloves
SInv    .            k - +1 pair of boots
Will    .....        o - amulet of the acrobat
Stlth   +            h - ring of protection from cold
HPRegen 0.34/turn    G - +5 ring of evasion
MPRegen 0.12/turn

%: random rage (20%), acrobat
@: acrobatic, studying Maces & Flails
A: [clumsy 2], [no potion heal 2], [cold vulnerability 2]
a: Renounce Religion, Potion Petition, Call Merchant, Bribe Branch


You were on level 2 of the Abyss.
You worshipped Gozag.
Gozag was pleased with you.
You visited 1 branch of the dungeon, and saw 8 of its levels.
You visited the Abyss 1 time.
You also visited: Sewer.

You collected 1365 gold pieces.
You spent 633 gold pieces at shops.
You paid 109 gold pieces to Gozag.

Inventory:

Hand Weapons
 c - a +3 flail of holy wrath
 z - the +7 morningstar of Uskayaw's Envy (weapon) {flame, *Rage Str+5}
   (You bought it in a shop on level 2 of the Dungeon)

   Str:       It affects your strength (+5).
   *Rage:     It berserks you when you make melee attacks (+20% chance).
Missiles
 p - 3 throwing nets
 y - 18 poisoned darts
Armour
 b - a +0 leather armour (worn)
 k - a +1 pair of boots (worn)
 l - a +2 pair of gloves (worn)
Magical Staves
 w - a staff of cold
Jewellery
 h - a ring of protection from cold (left hand)
 o - an amulet of the acrobat (around neck)
 G - a +5 ring of evasion (right hand)
Wands
 D - a wand of paralysis (11)
 I - a wand of flame (11)
 K - a wand of roots (11)
 M - a wand of acid (4)
Scrolls
 d - a scroll of enchant armour {unknown}
 f - 3 scrolls of magic mapping
 i - 7 scrolls of teleportation
 j - a scroll of brand weapon {unknown}
 q - a scroll of fog
 t - 3 scrolls of noise
 v - 3 scrolls of vulnerability
 H - a scroll of torment
 J - a scroll of fear
Potions
 a - a potion of flight
 e - 2 potions of curing {unknown}
 g - 3 potions of attraction
 m - a potion of resistance {unknown}
 n - a potion of degeneration
 r - a potion of haste
 u - 2 potions of magic
 x - 3 potions of brilliance
 A - a potion of invisibility
 B - 3 potions of cancellation
 C - a potion of might


   Skills:
 + Level 8.5 Fighting
 + Level 14.5 Maces & Flails
 - Level 2.0 Armour
 + Level 8.2 Dodging
 - Level 1.0 Stealth
 - Level 3.0 Evocations


You had 10 spell levels left.
You didn't know any spells.
Your spell library contained the following spells:

 Spells                   Type           Power      Damage    Failure   Level
 Cigotuvi's Dreadful Rot  Necr/Pois/Air  0%         N/A       43%         2
 Static Discharge         Conj/Air       0%         2-2/arc   43%         2
 Sublimation of Blood     Necr           0%         N/A       43%         2
 Ignite Poison            Fire/Tmut/Pois 0%         N/A       67%         3
 Airstrike                Air            0%         2d(0-16)  97%         4
 Petrify                  Tmut/Erth      0%         N/A       97%         4
 Summon Lightning Spire   Summ/Air       0%         N/A       97%         4
 Freezing Cloud           Conj/Ice/Air   0%         6-21      100%        5
 Irradiate                Conj/Tmut      0%         3d11      100%        5


Dungeon Overview and Level Annotations

Branches:
Dungeon (8/15)             Temple (0/1) D:6            Lair (0/5) D:8
  Sewer (visited)

Altars:
Gozag
Hepliaklqana
Makhleb
Okawaru
Xom
Zin

Shops:
D:2 (   D:3 *

Annotations:
D:3 exclusion: downstairs
D:4 Pikel
D:5 exclusion: 2 downstairs
D:7 exclusion: upstairs


Innate Abilities, Weirdness & Mutations

[You are very clumsy. (Dex -4)]
[Potions cannot restore your health.]
[You are very vulnerable to cold. (rC--)]


Message History

2 starspawn tentacles come into view.
The starspawn tentacle completely misses you. x2
A tentacle flies out from the starspawn's body!
A starspawn tentacle comes into view.
Blink to where?
Press: ? - help, Dir - move target
As you read the scroll of blinking, it crumbles to dust.
A white imp comes into view.
An orange demon comes into view.
A tentacle flies out from the starspawn's body!
A starspawn tentacle comes into view.
A starspawn tentacle comes into view.
A hell hog comes into view.
The hell hog squeals angrily.
A large abomination comes into view.
A tormentor comes into view.
The tormentor roars!
You hear a screech!
The tormentor calls on the powers of darkness!
Your body is wracked with pain!
* * * LOW HITPOINT WARNING * * *
You feel much better.
Your extra speed is starting to run out.
A wretched star comes into view.
The wretched star pulses with an eldritch light!
Your system partially rejects the healing effects of potions.
Your system completely rejects the healing effects of potions.
Unknown command.
The wretched star pulses with an eldritch light!
You feel clumsy. x2; You feel vulnerable to cold. x2
A raiju comes into view.
You feel yourself slow down.
The tormentor calls on the powers of darkness!
Your body is wracked with pain!
The raiju barks!
The wretched star glows turbulently.
The lance of force hits you!!
* * * LOW HITPOINT WARNING * * *
You are knocked back by the lance of force.
You slam into the rock wall!
You die...
Your body crumbles into a pile of gold.

### .#. # #..#
.#...# # #.#.#
#.###...#
#...@...#
#...#...#.#####
##...#h.###...#
~≈≈≈≈~♣♣..#..##
~~~≈≈≈~~.♣*##.#
~~≈≈≈≈≈≈~♣2X..#
~~≈≈≈≈≈≈~♣.#...#
~≈≈≈≈≈≈~~♣#X.#.#
~≈≈≈≈~~~♣.##..#


You could see a tentacled starspawn, a wretched star, a tormentor and a raiju.

Vanquished Creatures
  A hydra (D:8)
  3 two-headed ogres (D:8)
  2 ugly things (D:8)
  The ghost of jotaen the Poker, a novice MiMo (D:6)
  Grinder (D:3)
  A hornet (D:8)
  Sigmund (D:2)
  2 shadows (D:6)
  A wraith (D:6)
  A steam dragon (D:7)
  A chaos spawn (Abyss:2)
  3 water moccasins (D:8)
  An orc warrior (D:8)
  4 ice beasts
  4 sky beasts (D:7)
  2 ogres
  2 centaurs
  A phantom (D:5)
  A lemure (D:4)
  11 bullfrogs
  A necrophage (D:5)
  2 gnoll sergeants
  A scorpion (D:6)
  4 wights
  A killer bee (D:8)
  6 orc priests
  3 hounds
  A gnoll bouda (D:5)
  3 jellies
  Jessica (D:3)
  Terence (D:3)
  7 iguanas
  2 sleepcaps
  Natasha (thrice) (D:2)
  6 orc wizards
  A hound skeleton (D:5)
  Robin (D:3)
  20 gnolls
  3 adders (D:4)
  3 white imps
  An ufetubus (D:5)
  2 worms
  4 dart slugs
  49 orcs
  11 endoplasms
  8 giant cockroaches
  14 goblins
  13 hobgoblins
  21 kobolds
  8 quokkas
  8 ball pythons
  8 bats
  2 frilled lizards
  9 rats
272 creatures vanquished.

Vanquished Creatures (collateral kills)
  A lemure (D:4)
  A goblin (D:1)
  A hobgoblin (D:4)
  A kobold (D:1)
4 creatures vanquished.

Vanquished Creatures (others)
  A sky beast (D:4)
  A black bear (D:5)
  2 ogres
  A centaur (D:5)
  A lemure (D:4)
  A jelly (D:4)
  A gnoll (D:3)
  An adder (D:5)
  11 starspawn tentacles (Abyss:2)
20 creatures vanquished.

Grand Total: 296 creatures vanquished

Notes
Turn   | Place    | Note
-------+----------+-------------------------------------------
     0 | D:1      | H0rd4k the Human Artificer began the quest for the Orb.
     0 | D:1      | Reached XP level 1. HP: 15/15 MP: 1/1
    96 | D:1      | Reached XP level 2. HP: 6/21 MP: 2/2
    98 | D:1      | Reached skill level 1 in Maces & Flails
   361 | D:1      | Reached XP level 3. HP: 16/26 MP: 3/3
  1062 | D:1      | Reached skill level 2 in Maces & Flails
  1181 | D:2      | Noticed Sigmund
  1186 | D:2      | Killed Sigmund
  1187 | D:2      | Reached skill level 3 in Maces & Flails
  1187 | D:2      | Reached XP level 4. HP: 34/34 MP: 4/4
  1187 | D:2      | Reached XP level 5. HP: 39/39 MP: 5/5
  1187 | D:2      | Reached XP level 6. HP: 46/46 MP: 6/6
  1204 | D:2      | Reached skill level 4 in Maces & Flails
  1239 | D:2      | Found a shimmering altar of Xom.
  1260 | D:2      | Found Jifinano's Weapon Shoppe.
  1277 | D:2      | Noticed Natasha
  1279 | D:2      | Killed Natasha
  1324 | D:2      | Noticed Natasha
  1335 | D:2      | Killed Natasha
  1526 | D:2      | Noticed Natasha
  1536 | D:2      | Killed Natasha
  1656 | D:2      | Reached XP level 7. HP: 47/51 MP: 7/7
  2415 | D:3      | Found a glowing silver altar of Zin.
  2419 | D:3      | Found Zin's Purification Station.
  2419 | D:3      | Noticed Terence
  2501 | D:3      | Noticed Grinder
  2514 | D:3      | Killed Grinder
  2515 | D:3      | Reached skill level 5 in Maces & Flails
  2537 | D:3      | Noticed Robin
  2879 | D:4      | Found a glowing drain.
  2920 | Sewer    | Entered a sewer
  3381 | D:4      | Reached XP level 8. HP: 53/60 MP: 8/8
  3452 | D:3      | Noticed Jessica
  3457 | D:3      | Killed Jessica
  3600 | D:3      | Killed Robin
  3601 | D:3      | Reached skill level 6 in Maces & Flails
  3788 | D:3      | Killed Terence
  3914 | D:3      | Found a hazy altar of Hepliaklqana.
  4315 | D:5      | Entered Level 5 of the Dungeon
  4831 | D:4      | Noticed Pikel
  5302 | D:5      | Found a runed translucent gate.
  5302 | D:5      | Found a runed translucent gate.
  5302 | D:5      | Found an opulent altar of Gozag.
  5302 | D:5      | Found a runed translucent gate.
  5303 | D:5      | Noticed jotaen's ghost (novice MiMo)
  5419 | D:5      | Became a worshipper of Gozag Ym Sagoz the Greedy
  5593 | D:5      | Found a burning altar of Makhleb.
  5622 | D:5      | Reached skill level 7 in Maces & Flails
  5798 | D:6      | Found a staircase to the Ecumenical Temple.
  5817 | D:6      | Reached skill level 5 in Dodging
  5822 | D:6      | Noticed a shadow
  5869 | D:7      | Reached XP level 9. HP: 66/66 MP: 9/9
  6042 | D:7      | Reached skill level 8 in Maces & Flails
  6079 | D:7      | Reached skill level 5 in Fighting
  7182 | D:6      | Killed jotaen's ghost
  7183 | D:6      | Reached skill level 9 in Maces & Flails
  7861 | D:6      | Reached XP level 10. HP: 71/76 MP: 10/10
  8267 | D:2      | Bought the +7 morningstar of Uskayaw's Envy {flame, *Rage
                  | Str+5} for 633 gold pieces
  8555 | D:6      | Found an iron altar of Okawaru.
  8575 | D:6      | Reached skill level 10 in Maces & Flails
  9494 | D:7      | Identified a scroll of acquirement
  9496 | D:7      | Acquired a manual of Maces & Flails
  9706 | D:8      | Reached skill level 11 in Maces & Flails
  9706 | D:8      | Noticed a two-headed ogre
  9720 | D:8      | Killed a two-headed ogre
  9908 | D:8      | Noticed a four-headed hydra
  9914 | D:8      | Killed a four-headed hydra
  9915 | D:8      | Reached skill level 12 in Maces & Flails
  9915 | D:8      | Reached XP level 11. HP: 17/85 MP: 11/11
 10141 | D:8      | Noticed a two-headed ogre
 10160 | D:8      | Reached skill level 13 in Maces & Flails
 10167 | D:8      | Killed a two-headed ogre
 10290 | D:8      | Found a staircase to the Lair.
 10473 | D:8      | Noticed a two-headed ogre
 10480 | D:8      | Killed a two-headed ogre
 10481 | D:8      | Reached skill level 14 in Maces & Flails
 10585 | D:8      | Noticed a wizard
 10586 | D:8      | Noticed a white ugly thing
 10587 | D:8      | Noticed a cyan ugly thing
 10594 | D:8      | Killed a white ugly thing
 10597 | D:8      | Killed a white ugly thing
 10601 | Abyss:2  | Cast into level 2 of the Abyss (a wizard)
 10602 | Abyss:2  | Found a corrupted altar of Lugonu.
 10635 | Abyss:2  | Noticed a tentacled starspawn
 10654 | Abyss:2  | Noticed a tentacled starspawn
 10667 | Abyss:2  | Noticed a hell hog
 10701 | Abyss:2  | Noticed a wretched star
 10709 | Abyss:2  | Collided with a rock wall

Illustrated notes

Levels and vault maps discovered:
D:1:      mushboom_english_gardens, layout_loops_cross
D:2:      layout_loops_ring, basic_altar, serial_shops,
          nicolae_shop_statue_plus, uniq_natasha, uniq_sigmund
D:3:      layout_loops_cross, zin_purify, lemuel_round_altar, uniq_robin,
          uniq_grinder, uniq_jessica, uniq_terence
D:4:      layout_loops_ring, serial_bayou, serial_bayou_lagoon_a,
          serial_bayou_pond_d, serial_bayou_shore_a, serial_bayou_crossing,
          cheibrodos_sewer_entry_bend, st_stairs_8, hex_large, sigmund_army,
          uniq_pikel
D:5:      layout_gridville, makhleb_blood_cavern_becter, ebering_ghost_gozag
D:6:      minmay_spotlight, layout_cave_pools, mainiacjoe_overflow_alcove_1,
          temple_pool_b, minmay_three_doors
D:7:      layout_basic
D:8:      nzn_winding_woodlands_cross [nzn_winding_woodlands_5x15_crooked,
          nzn_winding_woodlands_5x15_garden, nzn_winding_woodlands_5x15_default,
          nzn_winding_woodlands_5x15_longhouse,
          nzn_winding_woodlands_15x15_thick_spiral], layout_rooms,
          due_lair_maze_entry_diamond
Abyss:2:  base:
D:4

Skill      XL: |  1  2  3  4  5  6  7  8  9 10 11 |
---------------+----------------------------------+-----
Maces & Flails | 1 3 4 5 7 9 12 14 | 14.5
Fighting       | 2 3 4 5 7 8 |  8.5
Dodging        | 2 3 4 5 6 7 8 |  8.2
Armour         | |  2.0
Stealth        | |  1.0
Evocations     | |  3.0

Action                     |  1- 3 |  4- 6 |  7- 9 | 10-12 || total
---------------------------+-------+-------+-------+-------++-------
  Melee: Club              |    95 |       |       |       ||    95
         Punch             |     1 |       |    13 |     4 ||    18
         Flail             |    28 |    63 |   609 |       ||   700
         Whip              |       |       |   135 |    56 ||   191
         Morningstar       |       |       |       |   148 ||   148
  Evoke: Wand              |     9 |    11 |    33 |       ||    53
    Use: Scroll            |       |       |     2 |    20 ||    22
         Potion            |       |       |     3 |     5 ||     8
   Stab: Sleeping          |     5 |     1 |     5 |     2 ||    13
         Distracted        |       |       |     1 |     1 ||     2
 Armour: Leather armour    |    31 |    27 |   235 |    42 ||   335
  Dodge: Dodged            |    99 |    49 |   644 |   181 ||   973
